AoeStats
← NPG | FishCL

Arena

508088796Analyzed
4v4 RM · 10d ago on Sep 20, 2026· 34m 15s· 8 players
Game mode
Random Map
Map size
Large (8 player)
Population
200
Speed
Normal
Resources
Standard
Victory
Conquest
Starting age
Dark Age
Ending age
Imperial Age
RankedLock teamsTeams togetherTeam positionsShared explorationLock speedFull tech treeHidden civsTurbo modeCheats
Victory
Defeat
🇨🇱 Spanish · Chile
1554
+13
🇨🇱 Cumans · Chile
1548
+13
🇦🇷 Teutons · Argentina
1474
+16
🇨🇴 Saracens · Colombia
1458
+17
🇨🇴 Teutons · Colombia
1555
-18
🇨🇳 Poles · China
1532
-17
🇻🇳 Burgundians · Vietnam
1422
-12
🇨🇦 Mongols · Canada
1402
-12
TKB_
9:50 Feudal Age
14:09 Castle Age
12:29 Double-Bit Axe
13:02 Loom
17:09 Fletching
22:16 Bloodlines
24:07 Scale Barding Armor
25:27 Forging
26:58 Chain Barding Armor
30:04 Scale Mail Armor
sebas0995932
10:19 Feudal Age
14:23 Castle Age
12:38 Double-Bit Axe
12:37 Horse Collar
15:34 Bow Saw
15:22 Loom
16:32 Heavy Plow
17:55 Wheelbarrow
22:28 Stone Mining
22:38 Gold Mining
25:17 Town Watch
26:32 Scale Barding Armor
26:37 Forging
29:29 Imperial Age
27:21 Bloodlines
27:12 Husbandry
27:27 Husbandry
27:46 Masonry
28:41 Iron Casting
28:30 Chain Barding Armor
30:10 Iron Casting
30:54 Plate Barding Armor
30:11 Elite Mameluke
33:59 Blast Furnace
NPG | FishCL
9:25 Feudal Age
14:04 Castle Age
13:17 Double-Bit Axe
13:17 Horse Collar
19:38 Bow Saw
21:32 Heavy Plow
23:03 Wheelbarrow
22:37 Gold Mining
24:22 Forging
24:15 Loom
25:00 Bloodlines
26:54 Hand Cart
27:16 Scale Barding Armor
28:56 Chain Barding Armor
29:46 Gold Shaft Mining
32:24 Imperial Age
29:50 Stone Mining
31:07 Iron Casting
32:24 Coinage
32:27 Cavalier
33:08 Padded Archer Armor
33:46 Plate Barding Armor
35:31 Blast Furnace
33:52 Paladin
AiM | PoRRo
11:16 Feudal Age
12:51 Loom
15:25 Castle Age
13:15 Double-Bit Axe
15:02 Horse Collar
20:50 Padded Archer Armor
23:39 Husbandry
27:52 Leather Archer Armor
33:05 Imperial Age
32:53 Scale Mail Armor
enzoyin68
9:58 Feudal Age
13:35 Castle Age
12:17 Double-Bit Axe
12:13 Horse Collar
14:28 Heavy Plow
15:42 Bow Saw
19:05 Stone Mining
20:42 Scale Barding Armor
20:32 Gold Mining
23:03 Szlachta Privileges
23:34 Husbandry
23:45 Bloodlines
25:24 Wheelbarrow
28:40 Imperial Age
27:13 Forging
27:01 Loom
28:15 Chain Barding Armor
29:31 Iron Casting
28:50 Cavalier
30:16 Crop Rotation
32:03 Blast Furnace
32:04 Conscription
32:15 Conscription
33:42 Coinage
[Tunjos]Acordeon
6:28 Loom
8:14 Loom
11:02 Feudal Age
13:29 Double-Bit Axe
16:04 Castle Age
14:17 Gold Mining
16:42 Stone Mining
18:14 Redemption
21:35 Bow Saw
22:48 Fletching
Melodies of Life
3:37 Double-Bit Axe
6:07 Loom
10:38 Feudal Age
12:08 Town Watch
14:54 Castle Age
13:38 Bow Saw
14:06 Horse Collar
23:29 Scale Mail Armor
24:07 Wheelbarrow
27:28 Burgundian Vineyards
30:58 Scale Barding Armor
36:05 Imperial Age
剧终
9:21 Feudal Age
13:48 Castle Age
12:10 Double-Bit Axe
12:31 Horse Collar
22:05 Scale Barding Armor
23:30 Husbandry
23:44 Bloodlines
24:27 Chain Barding Armor
24:26 Heavy Plow
24:57 Forging
26:21 Wheelbarrow
25:33 Loom
27:20 Bow Saw
30:14 Imperial Age
30:15 Gold Mining
31:19 Iron Casting
30:27 Elite Steppe Lancer
31:45 Hand Cart
33:14 Blast Furnace
Connection lost

Rejoining the realm…

Still unreachable

The connection could not be restored.

Session expired

The server has moved on; the page needs a fresh start.